 Dungeon Crawl Stone Soup version 0.30.1-11-g7821555f0a (webtiles) character file.

Game seed: 7688140212053013305

848 ChrisAssaf the Magician (level 8, -2/55 HPs)
             Began as a Djinni Fire Elementalist on Jan 14, 2024.
             Was a Follower of Qazlal.
             Killed from afar by a steam dragon (5 damage)
             ... with a ball of steam
             ... on level 6 of the Dungeon.
             The game lasted 00:18:50 (4687 turns).

ChrisAssaf the Magician (Djinni Fire Elementalist)  Turns: 4687, Time: 00:18:51

Health: -2/55      AC:  3    Str:  9    XL:     8   Next: 20%
Gold:   278        EV: 19    Int: 16    God:    Qazlal [*.....] SH:  2 Dex: 21

rFire   + + .        h - +8 dagger "Pit Ihio" {spect, rPois SInv}
rCold   x . .        (no shield)
rNeg    . . .        a - +1 robe
rPois   ∞            (no helmet)
rElec   .            (no cloak)
rCorr   .            (no gloves)
SInv    +            (boots unavailable)
Will    .....        (no amulet)
Stlth   +++          g - +5 ring of evasion
HPRegen 0.29/turn    i - +6 ring of dexterity
MPRegen 0.00/turn

%: infuse magic (-3 HP)
@: flying
A: sickness immunity, fire resistance 2, cold vulnerability 1, float, innate
caster, HP casting, extra vitality 1
a: Renounce Religion


You were on level 6 of the Dungeon.
You worshipped Qazlal.
Qazlal was aware of your devotion.
You visited 2 branches of the dungeon, and saw 7 of its levels.

You collected 278 gold pieces.

Inventory:

Hand Weapons
 h - the +8 dagger "Pit Ihio" (weapon) {spect, rPois SInv}
   (You found it on level 3 of the Dungeon)

   rPois:     It protects you from poison.
   SInv:      It lets you see invisible.
Missiles
 f - 3 boomerangs (quivered)
 m - 3 atropa-tipped darts
Armour
 a - a +1 robe (worn)
Jewellery
 g - a +5 ring of evasion (left hand)
 i - a +6 ring of dexterity (right hand)
 l - a ring of positive energy
Scrolls
 k - 2 scrolls of enchant weapon
 n - a scroll of immolation
 o - a scroll of fog
Potions
 b - a potion of attraction {unknown}
 c - 3 potions of brilliance
 d - 3 potions of magic
 j - a potion of degeneration
 q - a potion of lignification {unknown}


   Skills:
 * Level 2.4 Fighting
 * Level 2.4 Short Blades
 - Level 0.2 Axes
 * Level 2.5 Throwing
 * Level 2.2 Armour
 * Level 3.4 Dodging
 * Level 3.3 Stealth
 + Level 0.1 Shields
 * Level 4.3 Spellcasting


You knew the following spells:

 Your Spells              Type           Power      Damage    Failure   Level
a - Foxfire               Conj/Fire      68%        2x1d7     2%          1
b - Scorch                Fire           34%        2d6       4%          2
c - Volatile Blastmotes   Fire/Tloc      34%        2d12      9%          3
d - Inner Flame           Hex/Fire       17%        N/A       9%          3
e - Flame Wave            Conj/Fire      17%        2d7       28%         4
f - Magic Dart            Conj           68%        1d6       2%          1
g - Blink                 Tloc           34%        N/A       4%          2
h - Momentum Strike       Conj/Tloc      34%        3d8       4%          2
Your spell library was empty.

Dungeon Overview and Level Annotations

Branches:
Dungeon (6/15)             Temple (1/1) D:5

Altars:
Elyvilon
Fedhas
Gozag
Hepliaklqana
Makhleb
Nemelex Xobeh
Okawaru
Qazlal
Trog
Uskayaw
Wu Jian
Yredelemnul
Zin
The Shining One


Innate Abilities, Weirdness & Mutations

You are immune to sickness and miasma.
You are immune to poison.
Your flesh is very heat resistant. (rF++)
You are vulnerable to cold. (rC-)
You float through the air rather than walking.
You learn spells naturally, not from books.
Your magical power is your life essence.
You have superior vitality. (+4 MHP)


Message History

The orc warrior completely misses your foxfire.
The foxfire hits the orc warrior but does no damage. x2
You feel better.
You barely miss the orc warrior.
Your +8 dagger "Pit Ihio" {spect, rPois SInv} closely misses the orc warrior.
The orc warrior hits your +8 dagger "Pit Ihio" {spect, rPois SInv} with a +0 war axe!
Your spectral weapon shares its damage with you!
The orc warrior hits you with a +0 war axe.
You hit the orc warrior but do no damage.
Your +8 dagger "Pit Ihio" {spect, rPois SInv} completely misses the orc warrior.
The orc warrior barely misses your +8 dagger "Pit Ihio" {spect, rPois SInv}.
The orc warrior closely misses you.
You hit the orc warrior.
The orc warrior is lightly wounded.
Your +8 dagger "Pit Ihio" {spect, rPois SInv} hits the orc warrior but does no damage.
Casting: Foxfire (safe; 2% risk of failure)
Confirm with . or Enter, or press ? or * to list all spells.
Flames lash the orc.
You kill the orc!
Qazlal accepts your kill.
Your +8 dagger "Pit Ihio" {spect, rPois SInv} disappears.
The orc warrior hits you with a +0 war axe!
* * * LOW HITPOINT WARNING * * *
You feel better. The orc warrior closely misses you.
You puncture the orc warrior!
The orc warrior is heavily wounded.
Your +8 dagger "Pit Ihio" {spect, rPois SInv} hits the orc warrior.
The steam dragon's inner flame fades away.
The orc warrior hits you with a +0 war axe!
* * * LOW HITPOINT WARNING * * *
The orc warrior barely misses your +8 dagger "Pit Ihio" {spect, rPois SInv}.
Your +8 dagger "Pit Ihio" {spect, rPois SInv} disappears.
Okay, then.
The orc warrior attacks as you move away!
You block the orc warrior's attack.
The orc warrior attacks as you move away!
The orc warrior misses you. The steam dragon breathes steam at you.
The ball of steam hits you. You resist.
You die...

######.# #.#
.#####.#################### #
...........)..............#######
####......###D####.######........
#......###.§>...#......#######
#.....D##..§...........##.....
#......#....§o..........#.....
#......#.....@......>..#######
#.############☼........# #.#
###............# #.#
##..............# #.#
##..........[....# #.#
###....###.........# #.###....###
#.##.....## #.......## ########.#
#......## .#


You could see a steam dragon (catching breath) and an orc warrior.

Vanquished Creatures
  An orc warrior (D:6)
  An ice beast (D:6)
  A bullfrog (D:6)
  A howler monkey (D:5)
  2 jellies (D:5)
  5 hounds
  An orc priest (D:5)
  3 iguanas (D:5)
  2 orc wizards
  5 adders
  3 white imps (D:5)
  A worm (D:2)
  5 dart slugs
  9 orcs
  14 ball pythons
  10 endoplasms
  9 giant cockroaches
  9 goblins
  5 hobgoblins
  4 jackals
  9 kobolds
  4 quokkas
  7 bats
  3 frilled lizards (D:1)
  10 rats
  A foxfire (D:6)
125 creatures vanquished.

Vanquished Creatures (others)
  A jelly (D:6)
  A shadow imp (D:6)
  50 foxfires
52 creatures vanquished.

Grand Total: 177 creatures vanquished

Notes
Turn   | Place    | Note
-------+----------+-------------------------------------------
     0 | D:1      | ChrisAssaf the Djinni Fire Elementalist began the quest for
                  | the Orb.
     0 | D:1      | ChrisAssaf set off with the following spells memorised:
                  | Foxfire, Scorch, Volatile Blastmotes, Inner Flame, Flame
                  | Wave.
     0 | D:1      | Reached XP level 1. HP: 15/15 MP: 0/0
    80 | D:1      | Found a large runed translucent door.
    80 | D:1      | Found a large runed translucent door.
   119 | D:1      | Reached XP level 2. HP: 19/21 MP: 0/0
   351 | D:2      | Reached XP level 3. HP: 24/26 MP: 0/0
   351 | D:2      | Learned a level 1 spell: Magic Dart
   467 | D:3      | Identified the +8 dagger "Pit Ihio" {spect, rPois SInv}
   801 | D:3      | Reached XP level 4. HP: 29/31 MP: 0/0
   913 | D:4      | Reached skill level 1 in Throwing
   913 | D:4      | Reached skill level 3 in Spellcasting
   962 | D:4      | Reached skill level 1 in Fighting
   967 | D:4      | Reached XP level 5. HP: 20/37 MP: 0/0
   967 | D:4      | Learned a level 2 spell: Blink
  1284 | D:4      | Reached skill level 1 in Short Blades
  1284 | D:4      | Reached skill level 1 in Armour
  1668 | D:5      | Entered Level 5 of the Dungeon
  1754 | D:5      | Reached XP level 6. HP: 42/42 MP: 0/0
  1988 | D:5      | Found a staircase to the Ecumenical Temple.
  2001 | Temple   | Entered the Ecumenical Temple
  2161 | Temple   | Became a worshipper of Qazlal Stormbringer
  2267 | D:5      | Found a glowing silver altar of Zin.
  2267 | D:5      | Noticed an angel
  2611 | D:5      | Reached XP level 7. HP: 41/48 MP: 0/0
  2611 | D:5      | Learned a level 2 spell: Momentum Strike
  3691 | D:1      | Reached * piety under Qazlal
  3732 | D:1      | Found a faded altar of an unknown god.
  4105 | D:1      | Reached skill level 4 in Spellcasting
  4344 | D:2      | You are sucked into a shaft and drop 1 floor!
  4619 | D:6      | Reached XP level 8. HP: 52/54 MP: 0/0
  4683 | D:6      | HP: 2/55 [orc warrior/+0 war axe (15)]
  4687 | D:6      | Killed from afar by a steam dragon

Illustrated notes

Levels and vault maps discovered:
D:1:      erik_arrival_cave_to_civilisation [erik_arrival_cave_to_temple],
          layout_loops_ring, shapermc_ecumenical_altar_gd,
          minmay_worlds_worst_comb
D:2:      layout_rooms
D:3:      layout_rooms, serial_aquarium, aquarium_bridge_island_small
          [aquarium_subvault_small_water, aquarium_subvault_bridge,
          aquarium_subvault_window, aquarium_subvault_wall,
          aquarium_subvault_bridge], aquarium_window_1, aquarium_window_1,
          aquarium_window_1, aquarium_window_fake, aquarium_view_2f,
          grunt_ministairs_13, patterned_corridor
D:4:      nicolae_cairo_tiling_large_dashed, layout_loops_ring
D:5:      layout_gridville, zin_angel, minmay_temple_entry_statues_pillars
D:6:      minmay_recursive_quarters, layout_rooms, serial_curves,
          eino_curves_02, eino_curves_04, eino_curves_01
Temple:   nicolae_temple_superstar

Skill      XL: |  1  2  3  4  5  6  7 |
---------------+----------------------+-----
Stealth        | 2 3 |  3.3
Throwing       | 1 2 |  2.5
Spellcasting   | 3 4 |  4.3
Fighting       | 1 2 |  2.4
Short Blades   | 1 2 |  2.4
Armour         | 1 2 |  2.2
Dodging        | 3 |  3.4
Axes           | |  0.2
Shields        | |  0.1

Action                     |  1- 3 |  4- 6 |  7- 9 || total
---------------------------+-------+-------+-------++-------
  Melee: Hand axe          |    17 |       |       ||    17
         Dagger            |     9 |    28 |    25 ||    62
  Throw: Boomerang         |    26 |    17 |    37 ||    80
   Cast: Foxfire           |    18 |     7 |    10 ||    35
         Scorch            |    11 |    20 |    17 ||    48
         Volatile Blastmot |       |     1 |       ||     1
         Inner Flame       |       |     1 |     4 ||     5
    Use: Scroll            |     6 |     4 |     7 ||    17
         Potion            |       |     1 |     3 ||     4
   Stab: Sleeping          |       |     7 |       ||     7
 Armour: Robe              |    11 |     5 |     4 ||    20
  Dodge: Dodged            |    38 |    22 |    51 ||   111
  Block: Other             |       |       |     4 ||     4
